 Dungeon Crawl Stone Soup version 0.31-a0-1612-g4aaf141004 (webtiles) character file.

Game seed: 10010900812996078350

466 grandjackal the Trooper (level 6, -1/51 HPs)
             Began as a Demonspawn Fighter on Jan 9, 2024.
             Killed from afar by a white imp (3 damage)
             ... with a puff of frost
             ... summoned by Eustachio
             ... on level 4 of the Dungeon.
             The game lasted 00:03:00 (3704 turns).

grandjackal the Trooper (Demonspawn Fighter)        Turns: 3704, Time: 00:03:02

Health: -1/51      AC:  8    Str: 18    XL:     6   Next: 81%
Magic:  6/6        EV:  9    Int:  9    God:
Gold:   332        SH:  9    Dex: 12    Spells: 5/5 levels left

rFire   . . .        a - +0 war axe
rCold   + . .        c - +0 buckler
rNeg    . . .        b - +0 scale mail
rPois   .            (helmet restricted)
rElec   .            (no cloak)
rCorr   .            (no gloves)
SInv    .            (no boots)
Will    .....        (no amulet) Stlth
                     p - ring of protection from cold
HPRegen 0.28/turn    (no ring)
MPRegen 0.10/turn

%: no passive effects
@: no status effects
A: horns 1, thin metallic scales 1, foul stench 1, condensation shield
a: no special abilities


You were on level 4 of the Dungeon.
You visited 1 branch of the dungeon, and saw 4 of its levels.

You collected 332 gold pieces.

Inventory:

Hand Weapons
 a - a +0 war axe (weapon)
 u - a +0 flail
Missiles
 t - a throwing net (quivered)
Armour
 b - a +0 scale mail (worn)
 c - a +0 buckler (worn)
Jewellery
 p - a ring of protection from cold (left hand)
Wands
 n - a wand of acid (14)
 r - a wand of flame (22)
 s - a wand of digging (5)
Scrolls
 f - 2 scrolls of teleportation {unknown}
 i - a scroll of revelation {unknown}
 l - 6 scrolls of identify {unknown}
 m - a scroll of fear {unknown}
 v - a scroll of enchant armour {unknown}
Potions
 d - a potion of might
 e - a potion of berserk rage {unknown}
 g - 2 potions of curing {unknown}
 h - a potion of cancellation {unknown}
 j - 3 potions of magic {unknown}
 k - 2 potions of mutation {unknown}
 o - a potion of haste {unknown}
 q - a potion of heal wounds {unknown}
 w - a potion of lignification {unknown}
 x - a potion of resistance {unknown}


   Skills:
 + Level 5.2 Fighting
 + Level 4.2 Axes
 - Level 3.0 Armour
 - Level 4.1 Shields


You had 5 spell levels left.
You didn't know any spells.
Your spell library contained the following spells:

 Spells                   Type           Power      Damage    Failure   Level
 Shock                    Conj/Air       0%         1d3       85%         1
 Blink                    Tloc           0%         N/A       94%         2
 Lesser Beckoning         Tloc           0%         N/A       94%         2
 Momentum Strike          Conj/Tloc      0%         3d8       94%         2
 Swiftness                Air            0%         N/A       99%         3
 Airstrike                Air            0%         2d(0-16)  100%        4


Dungeon Overview and Level Annotations

Branches:
Dungeon (4/15)
 Temple: D:4-7

Altars:
Ashenzari
Dithmenos
Fedhas
Okawaru
Sif Muna

Annotations:
D:4 Eustachio


Innate Abilities, Weirdness & Mutations

You have a pair of small horns on your head.
You are partially covered in thin metallic scales. (AC +2)
You may rarely emit foul miasma when damaged in melee.
A meltable shield of frost defends you. (SH +4)


Message History

The crimson imp is lightly wounded.
You barely miss the shadow imp.
The shadow imp disappears in a puff of smoke!
The crimson imp hits you but does no damage.
You barely miss the crimson imp. You closely miss the shadow imp.
You barely miss the white imp.
The crimson imp hits you but does no damage.
You block the white imp's attack. The shadow imp hits you.
The crimson imp blinks!
You block Eustachio's attack.
The white imp attacks as it pursues you!
The white imp hits you but does no damage.
You see here a +0 flail.
You closely miss Eustachio.
Eustachio is moderately wounded.
You hit the white imp but do no damage. You block Eustachio's attack.
The white imp hits you but does no damage.
You block Eustachio's attack.
The white imp hits you but does no damage.
You closely miss Eustachio.
Eustachio is moderately wounded.
You hit the white imp. You block Eustachio's attack.
The white imp barely misses you.
You hit Eustachio.
Eustachio is heavily wounded.
You closely miss the white imp.
Eustachio hits you with a +2 falchion of holy wrath!
* * * LOW HITPOINT WARNING * * *
You convulse!
* * * LOW HITPOINT WARNING * * *
The shadow imp lashes its tail.
You block the white imp's attack.
The crimson imp blinks!
You miss Eustachio.
Eustachio is heavily wounded.
You hit the white imp.
The crimson imp disappears in a puff of smoke!
You block Eustachio's attack. The white imp gestures at you.
The puff of frost hits you. You resist.
You die...

#.# #.... #.#
#..##
############.#
#..#
#............#
#..#
#.##########.#
#..# #.##.#
#.# #..#
#...5# ###
#..# ####5#
#..# #@# #..#
#@# #§# #.#
#.# #.# #§#
#.# #..


You could see Eustachio, a white imp (summoned) and a shadow imp (summoned).

Vanquished Creatures
  2 phantoms (D:4)
  A bombardier beetle (D:3)
  2 orc priests (D:3)
  A hound (D:4)
  A jelly (D:4)
  An iguana (D:4)
  4 gnolls (D:4)
  2 adders
  3 ribbon worms
  2 dart slugs
  11 orcs
  3 bats
  6 endoplasms
  3 giant cockroaches
  6 goblins
  3 hobgoblins
  2 jackals (D:4)
  2 quokkas (D:2)
  7 ball pythons
  12 frilled lizards
  5 kobolds
  4 rats
83 creatures vanquished.

Notes
Turn   | Place    | Note
-------+----------+-------------------------------------------
     0 | D:1      | grandjackal the Demonspawn Fighter began the quest for the
                  | Orb.
     0 | D:1      | Reached XP level 1. HP: 18/18 MP: 1/1
   251 | D:1      | Gained mutation: You may rarely emit foul miasma when
                  | damaged in melee. [demonic ancestry]
   251 | D:1      | Reached XP level 2. HP: 24/24 MP: 2/2
  1193 | D:2      | Gained mutation: You are partially covered in thin metallic
                  | scales. (AC +2) [demonic ancestry]
  1193 | D:2      | Reached XP level 3. HP: 28/29 MP: 3/3
  1516 | D:2      | Found a broken altar of Ashenzari.
  1634 | D:3      | Found an iron altar of Okawaru.
  1735 | D:3      | Gained mutation: You have a pair of small horns on your
                  | head. [demonic ancestry]
  1735 | D:3      | Reached XP level 4. HP: 31/37 MP: 4/4
  1899 | D:3      | Reached skill level 4 in Fighting
  2159 | D:3      | Found a shimmering blue altar of Sif Muna.
  2187 | D:3      | Gained mutation: A meltable shield of frost defends you.
                  | (SH +4) [demonic ancestry]
  2187 | D:3      | Reached XP level 5. HP: 40/42 MP: 5/5
  2587 | D:3      | Found a blossoming altar of Fedhas.
  2778 | D:4      | Noticed a phantom
  2787 | D:4      | Killed a phantom
  2892 | D:4      | Noticed a phantom
  2907 | D:4      | Killed a phantom
  2908 | D:4      | Reached XP level 6. HP: 44/49 MP: 6/6
  3345 | D:4      | Reached skill level 5 in Fighting
  3590 | D:4      | Found a shadowy altar of Dithmenos.
  3682 | D:4      | Noticed Eustachio
  3703 | D:4      | HP: 2/51 [Eustachio/+2 falchion of holy wrath (12)]
  3704 | D:4      | Killed from afar by a white imp

Illustrated notes

Levels and vault maps discovered:
D:1:      nzn_arrival_water_spiral, layout_basic, serial_bayou_lagoon_a,
          minmay_pentomino_s4
D:2:      layout_rooms, basic_altar, minmay_lizard_pond
D:3:      layout_loops_corners, lemuel_round_altar, overflow_temple_1_default,
          mainiacjoe_overflow_alcove_2, st_stairs_7
D:4:      layout_basic, mainiacjoe_overflow_alcove_4, grunt_ministairs_1,
          dk_vineyard_2, uniq_eustachio

Skill      XL: |  1  2  3  4  5  6 |
---------------+-------------------+-----
Axes           | 2 3 4 |  4.2
Armour         | 3 |  3.0
Shields        | 3 4 |  4.1
Fighting       | 4 5 |  5.2

Action                     |  1- 3 |  4- 6 || total
---------------------------+-------+-------++-------
  Melee: War axe           |   110 |   122 ||   232
         Headbutt          |       |    19 ||    19
 Armour: Scale mail        |    91 |    68 ||   159
  Dodge: Dodged            |    54 |    39 ||    93
  Block: Buckler           |    24 |    53 ||    77

Table legend: (Time is in decaauts)
 A = Elapsed time spent in this place.
 B = Non-inter-level travel time spent in this place.
 C = Inter-level travel time spent in this place.
 D = Time resting spent in this place.
 E = Time spent auto-exploring this place.
 F = Levels seen in this place.
 G = Mean time per level.
                   A        B        C        D        E       F      G
               +--------+--------+--------+--------+--------+-----+--------+
         Total |   3799 |   3717 |     82 |    343 |   2765 |   4 |  949.8 |
       Dungeon |   3799 |   3717 |     82 |    343 |   2765 |   4 |  949.8 |
               +--------+--------+--------+--------+--------+-----+--------+

Top non-repeatable levels by time:
     D:3: 1243 daAuts
     D:1: 1041 daAuts
     D:4: 876 daAuts
     D:2: 638 daAuts
